AoeStats
← WynGoyo

Black Forest

507497679Analyzed
2v2 RM · 12d ago on Sep 18, 2026· 61m 9s· 4 players
Game mode
Random Map
Map size
Medium (4 player)
Population
200
Speed
Normal
Resources
Standard
Victory
Conquest
Starting age
Dark Age
Ending age
Imperial Age
RankedLock teamsTeams togetherTeam positionsShared explorationLock speedFull tech treeHidden civsTurbo modeCheats
Victory
Defeat
🇪🇸 Persians · Spain
476
+17
🇪🇸 Spanish · Spain
467
+17
🇮🇹 Turks · Italy
540
-18
🇫🇷 Britons · France
459
-16
Sebgir
13:08 Feudal Age
13:38 Double-Bit Axe
13:35 Horse Collar
13:49 Stone Mining
14:38 Gold Mining
18:45 Wheelbarrow
24:19 Castle Age
25:52 Bow Saw
29:00 Gold Shaft Mining
28:28 Heavy Plow
28:47 Forging
28:28 Fletching
28:44 Scale Barding Armor
28:50 Squires
31:40 Hand Cart
33:06 Husbandry
33:30 Bodkin Arrow
40:21 Imperial Age
40:04 Ballistics
39:26 Treadmill Crane
39:42 Murder Holes
39:59 Masonry
40:00 Fortified Wall
41:44 Conscription
42:46 Two-Man Saw
42:04 Caravan
43:47 Cavalier
44:41 Pikeman
46:57 Yeomen
48:29 Chemistry
47:33 Padded Archer Armor
47:34 Scale Mail Armor
48:07 Siege Engineers
51:57 Halberdier
55:46 Bracer
56:22 Iron Casting
bs-32
15:58 Feudal Age
17:02 Double-Bit Axe
24:34 Horse Collar
25:36 Stone Mining
25:37 Gold Mining
28:51 Fishing Lines
31:46 Castle Age
35:26 Man-at-Arms
36:07 Squires
37:18 Crossbowman
38:04 Thumb Ring
38:44 Gold Shaft Mining
38:15 Long Swordsman
44:22 Imperial Age
45:35 Cavalier
47:01 Two-Handed Swordsman
49:57 Husbandry
50:09 Bloodlines
50:12 Scale Mail Armor
50:22 Forging
50:19 Scale Barding Armor
50:14 Padded Archer Armor
50:05 Fletching
52:57 Bow Saw
52:13 Champion
52:18 Elite Janissary
55:20 Artillery
55:43 Sipahi
59:12 Guilds
59:34 Coinage
WynGoyo
13:02 Loom
16:20 Feudal Age
21:10 Double-Bit Axe
21:07 Horse Collar
22:04 Gold Mining
22:22 Stone Mining
22:44 Town Watch
28:15 Castle Age
26:50 Scale Barding Armor
29:01 Caravan
29:40 Wheelbarrow
29:39 Town Patrol
30:56 Hand Cart
33:29 Bow Saw
34:12 Gold Shaft Mining
34:12 Stone Shaft Mining
34:27 Heavy Plow
40:58 Imperial Age
40:37 Elite War Elephant
Joze
11:51 Feudal Age
13:32 Double-Bit Axe
14:21 Horse Collar
16:40 Wheelbarrow
15:54 Town Watch
20:05 Gold Mining
22:46 Stone Mining
25:37 Castle Age
23:55 Fletching
24:09 Padded Archer Armor
27:03 Forging
26:56 Scale Mail Armor
29:18 Hand Cart
29:35 Hand Cart
30:23 Stone Shaft Mining
30:16 Thumb Ring
30:15 Pikeman
31:45 Squires
34:16 Masonry
37:29 Bodkin Arrow
37:51 Leather Archer Armor
38:11 Iron Casting
42:24 Imperial Age
40:19 Elite Skirmisher
41:37 Town Patrol
43:37 Ring Archer Armor
43:07 Bracer
44:50 Elite Conquistador
46:44 Halberdier
48:47 Hoardings
52:16 Blast Furnace
51:33 Chain Mail Armor
Connection lost

Rejoining the realm…

Still unreachable

The connection could not be restored.

Session expired

The server has moved on; the page needs a fresh start.